Map: Ulrena

Players

Belly

  • Race: Zerg Zerg
  • League: Gold

oremj - Winner!

  • Race: Zerg Zerg
  • League: Platinum

VOD

Have the link to the VOD?

Description

Time

  • Played on: Nov. 16, 2015, 7:30 p.m.
  • Length: 7:31
Show
View Real Time Build Order
Export as new Build Order

Belly Zerg 

Build Orders: Hatch First 

Get SALT Encoding   

  12  0:01  Drone  
  13  0:08  Drone  
  14  0:17  Overlord  
  14  0:34  Drone, Extractor  
  14  0:35  Drone x2  
  16  0:49  Drone  
  17  0:59  Drone  
  18  1:08  Drone  
  19  1:15  Hatchery  
  18  1:24  Drone  
  19  1:30  Spawning Pool  
  18  1:47  Drone x2  
  20  1:50  Drone  
  21  2:00  Overlord  
  21  2:19  Zergling x2  
  21  2:21  Queen  
  24  2:23  Spine Crawler, Zergling x2  
  24  2:28  Zergling x2  
  25  2:33  Zergling x2  
  26  2:39  Zergling x2  
  27  2:44  Zergling x2  
  27  2:49  Zergling x2  
  26  2:59  Zergling x2  
  27  3:05  Roach Warren  
  27  3:11  Metabolic Boost  
  26  3:17  Hatchery  
  25  3:29  Queen  
  25  3:30  Overlord  
  25  3:32  Zergling x4  
  29  3:37  Overlord  
  25  3:57  Zergling x2  
  25  3:58  Zergling x4  
  29  4:10  Roach  
  29  4:13  Lair  
  29  4:20  Roach  
  31  4:31  Roach  
  33  4:39  Roach  
  33  4:40  Roach x2  
  33  4:44  Roach  
  36  4:57  Roach  
  32  5:07  Roach  
  32  5:13  Spire  
  31  5:14  Roach x2  
  35  5:24  Drone  
  35  5:25  Drone  
  37  5:30  Drone x2  
  39  5:36  Drone  
  39  5:37  Drone  
  39  5:41  Drone  
  42  5:47  Drone, Extractor  
  42  5:50  Drone  
  42  5:53  Drone  
  42  5:56  Drone  
  45  5:59  Drone  
  45  6:02  Drone  
  47  6:04  Drone  
  47  6:07  Drone  
  49  6:12  Drone x2  
  51  6:22  Drone  
  51  6:23  Overlord  
  51  6:24  Overlord  
  52  6:35  Overlord  
  52  6:43  Mutalisk  
  52  6:44  Mutalisk x2  
  52  6:46  Overlord  
  58  6:53  Extractor  
  57  7:06  Mutalisk  
  59  7:13  Zergling x4  
  59  7:14  Zergling x8  
  59  7:15  Extractor  
Show
View Real Time Build Order
Export as new Build Order

oremj Zerg - Winner!

Build Orders: Pool First 

Get SALT Encoding   

  12  0:01  Drone  
  13  0:12  Overlord  
  13  0:17  Drone  
  14  0:30  Drone x2  
  14  0:35  Drone  
  17  0:46  Spawning Pool  
  17  0:49  Drone  
  17  0:56  Drone  
  18  1:07  Drone  
  19  1:21  Hatchery  
  18  1:33  Zergling x2  
  18  1:34  Zergling x2  
  18  1:39  Zergling x2  
  21  1:49  Overlord  
  21  2:02  Zergling x2  
  21  2:07  Queen  
  24  2:11  Drone  
  25  2:24  Drone  
  26  2:30  Hatchery  
  26  2:33  Queen  
  26  2:35  Overlord  
  27  2:40  Zergling x2  
  27  2:43  Queen  
  30  2:49  Drone x2  
  31  2:59  Drone x2  
  32  3:05  Extractor  
  32  3:06  Drone x2  
  32  3:08  Extractor  
  32  3:15  Queen  
  32  3:18  Drone  
  32  3:19  Drone  
  36  3:26  Drone x2  
  38  3:37  Drone x3  
  38  3:38  Overlord  
  38  3:41  Overlord  
  41  3:44  Drone  
  40  4:04  Zergling x2  
  40  4:05  Zergling x14  
  40  4:07  Drone  
  49  4:14  Roach Warren  
  49  4:15  Drone  
  48  4:20  Drone x2  
  48  4:23  Drone  
  51  4:38  Drone  
  51  4:39  Drone x3  
  51  4:40  Overlord  
  51  4:43  Overlord  
  55  4:47  Lair  
  55  4:52  Drone x3  
  56  4:57  Drone x3  
  55  5:04  Drone x2  
  57  5:10  Roach x3  
  57  5:11  Roach  
  65  5:24  Roach x6  
  65  5:26  Roach  
  79  5:29  Extractor  
  79  5:32  Roach x2  
  82  5:40  Evolution Chamber  
  82  5:42  Evolution Chamber  
  80  5:48  Glial Reconstitution  
  80  5:59  Drone x2  
  80  6:00  Overlord x2  
  80  6:01  Overlord x3, Extractor  
  81  6:19  Roach x8  
  81  6:21  Hydralisk Den  
  96  6:39  Drone  
  97  6:40  Drone x7  
  104  6:58  Drone  
  104  6:59  Drone x2  
  104  7:01  Extractor  
  106  7:02  Extractor  
  106  7:08  Drone x6  
  106  7:10  Overlord  
Tags
 
Add a new tag
Caveats
  • Supply blocks, unpowered buildings, or Contaminate may cause inaccurate times.
  • Supply counts are checked every 10 seconds.